 Dungeon Crawl Stone Soup version 0.24.0-5-g267a8d59f4 (webtiles) character file.

Game seed: 7947907172405424867, levelgen mode: deterministic

284 Hyawatha the Chopper (level 6, 0/48 HPs)
             Began as a Demonspawn Gladiator on Nov 1, 2019.
             Succumbed to a worker ant's poison
             ... on level 6 of the Dungeon.
             The game lasted 00:12:32 (4101 turns).

Hyawatha the Chopper (Demonspawn Gladiator)         Turns: 4101, Time: 00:12:33

Health: 0/48       AC:  4    Str: 14    XL:     6   Next: 7%
Magic:  6/6        EV: 13    Int: 11    God:
Gold:   213        SH:  0    Dex: 15    Spells: 5/5 levels left

rFire    . . .     SeeInvis .   a - +0 war axe
rCold    . . .     Gourm    .   (no shield)
rNeg     . . .     Faith    .   b - +0 leather armour
rPois    .         Spirit   .   (helmet restricted)
rElec    .         Reflect  .   (no cloak)
rCorr    .         Harm     .   (no gloves)
MR       .....     Rnd*Tele +   (no boots)
Stlth    ++........             (no amulet)
HPRegen  0.16/turn              o - ring of teleportation (curse)
MPRegen  0.10/turn              (no ring)

@: lethally poisoned (0 -> -6)
A: antennae 2, rugged brown scales 1
a: no special abilities


You were on level 6 of the Dungeon.
You were not hungry.

You visited 1 branch of the dungeon, and saw 6 of its levels.

You collected 213 gold pieces.

Inventory:

Hand Weapons
 a - a +0 war axe (weapon)
 l - a +0 short sword
Missiles
 h - 2 datura-tipped darts (quivered)
 j - 45 stones
Armour
 b - a +0 leather armour (worn)
 c - a +0 helmet
Jewellery
 o - a cursed ring of teleportation (left hand)
Wands
 g - a wand of disintegration (18)
Scrolls
 d - a scroll of enchant armour {unknown}
 e - a scroll of fear {unknown}
 k - 3 scrolls of teleportation
 n - a scroll of magic mapping {unknown}
 p - a scroll of remove curse {unknown}
 q - 2 scrolls of identify {unknown}
Comestibles
 f - 5 rations
 i - 5 chunks of flesh


   Skills:
 * Level 3.2 Fighting
 + Level 3.9 Axes
 + Level 2.0 Throwing
 * Level 2.3 Armour
 + Level 3.3 Dodging
 * Level 2.1 Stealth


You had 5 spell levels left.
You didn't know any spells.
Your spell library contained the following spells:

 Spells                   Type           Power        Failure   Level  Hunger
 Sandblast                Erth           #.....       41%         1    ##.....
 Passwall                 Tmut/Erth      #.......     54%         2    ###....
 Stone Arrow              Conj/Erth      #.....       78%         3    ####...
 Petrify                  Tmut/Erth      #.......     99%         4    #####..
 Lee's Rapid Deconstruct  Erth           #.........   100%        5    ######.


Dungeon Overview and Level Annotations

Branches:
Dungeon (6/15)
 Temple: D:4-7

Altars:

Annotations:
D:4 Grinder


Innate Abilities, Weirdness & Mutations

You have a pair of antennae on your head.
You are partially covered in rugged brown scales. (AC +1, +3% HP)


Message History

You feel sick.
There is a stone staircase leading up here.
* * * LOW HITPOINT WARNING * * *
You feel sick.
You see here 3 chunks of flesh.
i - 5 chunks of flesh (gained 3)
* * * LOW HITPOINT WARNING * * *
You feel sick.
* * * LOW HITPOINT WARNING * * *
You feel sick.
There is a stone staircase leading up here.
* * * LOW HITPOINT WARNING * * *
You feel sick.
* * * LOW HITPOINT WARNING * * *
You feel sick.
* * * LOW HITPOINT WARNING * * *
You feel sick.
You feel slightly jumpy.
Oops, that ring feels deathly cold.
o - a cursed ring of teleportation (left hand)
You die...

#. .# #.#.# ###...#
.....###### # .........#
#.#..... ... #...>.# #.#
#@.# #.# #..# #.# #
#..####.## # #........#
# #. #<.####..# #
.p#..#..# #..# #
.........####..#########
...#....................
.......#########.######


There were no monsters in sight!

Vanquished Creatures
  A bullfrog (D:6)
  An orc priest (D:3)
  A hound (D:4)
  A worker ant (D:6)
  A hound skeleton (D:6)
  6 adders
  An ooze (D:3)
  A dart slug (D:1)
  3 leopard geckos
  4 orcs
  A giant cockroach (D:2)
  3 goblins
  2 hobgoblins
  9 jackals
  2 quokkas
  4 bats
  3 frilled lizards
  6 kobolds
  6 rats
56 creatures vanquished.

Notes
Turn   | Place    | Note
-------+----------+-------------------------------------------
     0 | D:1      | Hyawatha the Demonspawn Gladiator began the quest for the
                  | Orb.
     0 | D:1      | Reached XP level 1. HP: 16/16 MP: 1/1
   346 | D:1      | Gained mutation: You have a pair of small antennae on your
                  | head. [demonic ancestry]
   346 | D:1      | Reached XP level 2. HP: 22/22 MP: 2/2
  1423 | D:2      | Reached skill level 1 in Armour
  1423 | D:2      | Gained mutation: You have a pair of antennae on your head.
                  | [demonic ancestry]
  1423 | D:2      | Reached XP level 3. HP: 23/27 MP: 3/3
  1671 | D:2      | Reached skill level 1 in Stealth
  2048 | D:3      | Reached XP level 4. HP: 34/34 MP: 4/4
  2494 | D:4      | Noticed an ogre
  2608 | D:5      | Entered Level 5 of the Dungeon
  2672 | D:4      | Gained mutation: You are partially covered in rugged brown
                  | scales. (AC +1, +3% HP) [demonic ancestry]
  2672 | D:4      | Reached XP level 5. HP: 23/41 MP: 5/5
  3089 | D:4      | Noticed Grinder
  3095 | D:4      | Paralysed by Grinder for 4 turns
  3109 | D:4      | Paralysed by Grinder for 3 turns
  3127 | D:4      | Paralysed by Grinder for 2 turns
  3846 | D:6      | Noticed an ogre
  3937 | D:6      | Noticed a sky beast
  3959 | D:6      | Noticed a slave
  4090 | D:6      | Reached XP level 6. HP: 13/48 MP: 6/6
  4098 | D:6      | HP: 2/48 [poisoned by a worker ant]
  4101 | D:6      | Succumbed to a worker ant's poison

Levels and vault maps discovered:
D:1:      minmay_arrival_split_and_join, layout_loops_ring
D:2:      layout_rooms
D:3:      layout_loops_ring, first_ration, uniq_jessica
D:4:      layout_loops_corners, minmay_temple_entry_drinking_statues,
          uniq_grinder
D:5:      lemuel_upstairs_altar, layout_loops_corners
D:6:      layout_loops_ring, uniq_crazy_yiuf_cottage, uniq_eustachio, uniq_pikel

Skill      XL: |  1  2  3  4  5 |
---------------+----------------+-----
Dodging        | 3 |  3.3
Axes           | 3 |  3.9
Armour         | 1 2 |  2.3
Stealth        | 1 2 |  2.1
Fighting       | 3 |  3.2
Throwing       | 2 |  2.0

Action                   |  1- 3 |  4- 6 || total
-------------------------+-------+-------++-------
Melee: War axe           |   125 |   102 ||   227
Throw: Throwing net      |       |     6 ||     6
  Use: Potion            |     2 |     1 ||     3
       Scroll            |       |     4 ||     4
 Stab: Distracted        |     1 |       ||     1
       Sleeping          |       |     2 ||     2
       Held in net/web   |       |     1 ||     1
  Eat: Chunk             |     4 |     4 ||     8
       Ration            |       |     1 ||     1
Armor: Leather armour    |    35 |    13 ||    48
Dodge: Dodged            |   111 |    98 ||   209
